 Dungeon Crawl Stone Soup version 0.19.5 (webtiles) character file.

926 Keye the Cleaver (level 7, -1/56 HPs)
             Began as a Minotaur Gladiator on May 7, 2017.
             Was an Initiate of Okawaru.
             Slain by a worker ant (5 damage)
             ... on level 5 of the Dungeon.
             The game lasted 00:06:17 (4949 turns).

Keye the Cleaver (Minotaur Gladiator)               Turns: 4949, Time: 00:06:18

Health: -1/56      AC:  7    Str: 21    XL:     7   Next: 85%
Magic:  6/6        EV: 12    Int:  5    God:    Okawaru [......]
Gold:   214        SH:  0    Dex: 11    Spells: 0 memorised, 6 levels left

rFire  . . .     SeeInvis .     a - +0 war axe
rCold  . . .     Gourm    .     v - +0 ring mail
rNeg   . . .     Faith    .     (no shield)
rPois  .         Spirit   .     c - +0 hat
rElec  .         Reflect  .     (no cloak)
rCorr  .         Harm     .     s - +0 pair of gloves
MR     .....                    K - +0 pair of boots
Stlth  +.........               (no amulet)
                                (no ring)
                                (no ring)

@: lethally poisoned (-1 -> -3)
A: retaliatory headbutt, horns 2
a: Renounce Religion


You were on level 5 of the Dungeon.
You worshipped Okawaru.
Okawaru was noncommittal.
You were not hungry.

You visited 2 branches of the dungeon, and saw 6 of its levels.
You also visited: Sewer.

You collected 214 gold pieces.

Inventory:

Hand Weapons
 a - a +0 war axe (weapon)
Missiles
 d - 3 throwing nets (quivered)
Armour
 b - a +0 leather armour
 c - a +0 hat (worn)
 s - a +0 pair of gloves (worn)
 v - a +0 ring mail (worn)
 K - a +0 pair of boots (worn)
Jewellery
 j - a cursed amulet of the gourmand {unknown}
 m - an uncursed ring of flight {unknown}
 u - a cursed ring of loudness {unknown}
 L - a cursed ring of loudness {unknown}
Wands
 G - a wand of disintegration (14/24)
Scrolls
 e - 5 scrolls of identify {unknown}
 g - 2 scrolls of fog {unknown}
 h - 4 scrolls of remove curse {unknown}
 l - 3 scrolls of recharging {unknown}
 x - a scroll of teleportation {unknown}
 y - a scroll of magic mapping {unknown}
 D - a scroll of enchant weapon {unknown}
 F - 2 scrolls of amnesia {unknown}
Potions
 i - 6 potions of curing {unknown}
 k - 2 potions of haste
 n - 2 potions of resistance {unknown}
 o - a potion of berserk rage {unknown}
 p - 3 potions of lignification {unknown}
 r - a potion of beneficial mutation {unknown}
 t - 2 potions of magic {unknown}
 w - 9 potions of heal wounds {unknown}
 z - a potion of degeneration {unknown}
 B - 3 potions of flight {unknown}
 C - a potion of brilliance {unknown}
 E - 3 potions of might {unknown}
 J - a potion of mutation {unknown}
Comestibles
 f - 5 bread rations
 q - 4 beef jerkies
 A - 4 fruits
 H - 3 meat rations
 I - a slice of pizza
 M - 3 chunks of flesh


   Skills:
 - Level 2.4 Fighting
 + Level 11.2 Axes
 - Level 2.0 Throwing
 - Level 3.2 Dodging


You had 6 spell levels left.
You didn't know any spells.

Dungeon Overview and Level Annotations

Branches:
Dungeon (5/15)             Temple (1/1) D:4

Altars:
Ashenzari
Cheibriados
Dithmenos
Elyvilon
Fedhas
Gozag
Hepliaklqana
Makhleb
Nemelex Xobeh
Okawaru
Qazlal
Ru
Sif Muna
Trog
Uskayaw
Vehumet
Xom
Zin
The Shining One


Innate Abilities, Weirdness & Mutations

You reflexively headbutt those who attack you in melee.
You have a pair of horns on your head.


Message History

You barely miss the worker ant.
The worker ant is severely wounded.
You completely miss the orc priest.
You feel sick. The worker ant bites you.
* * * LOW HITPOINT WARNING * * *
The orc priest barely misses you. You furiously retaliate!
You headbutt the orc priest. You slash the orc priest!
The orc priest is almost dead.
You hit the worker ant but do no damage.
The worker ant bites you.
* * * LOW HITPOINT WARNING * * *
The orc priest calls down the wrath of Beogh upon you.
Pain shoots through your body!
* * * LOW HITPOINT WARNING * * *
You barely miss the orc priest.
The orc priest is almost dead.
You hit the bullfrog skeleton but do no damage.
You hit the worker ant but do no damage.
The worker ant bites you.
You die...

. #.. #.#.. #.#..
###....####
.$........# .
..........# ...
......ao).##.[..##
.......@Z..........
..........###.....#
#########(# #.....#
#.###.....###
##............
#.............
#......._.....
######.#...........
#...##.............


You could see a worker ant, an orc priest and a bullfrog skeleton.

Vanquished Creatures
  An ogre (D:4)
  The ghost of tschems the Shield-Bearer, an amateur HuFi (D:3)
  3 big kobolds (Sewer)
  2 howler monkeys (D:4)
  An orc wizard (D:4)
  A centaur skeleton (D:4)
  A worker ant (D:4)
  2 hound skeletons (D:4)
  A mummy (D:5)
  A gnoll (D:1)
  13 adders
  8 river rats
  2 oozes
  An adder skeleton (D:4)
  2 worms
  4 dart slugs
  3 leopard geckos
  11 orcs
  6 giant cockroaches
  4 goblins
  6 hobgoblins
  11 jackals
  3 quokkas
  5 ball pythons
  8 bats
  2 frilled lizards
  23 kobolds
  A quokka zombie (D:5)
  24 rats
151 creatures vanquished.

Notes
Turn   | Place    | Note
-------+----------+-------------------------------------------
     0 | D:1      | Keye the Minotaur Gladiator began the quest for the Orb.
     0 | D:1      | Reached XP level 1. HP: 18/18 MP: 0/0
   314 | D:1      | Reached skill level 4 in Axes
   502 | D:1      | Reached XP level 2. HP: 3/25 MP: 1/1
   894 | D:1      | Reached skill level 5 in Axes
   964 | D:1      | Reached XP level 3. HP: 28/30 MP: 2/2
  1432 | D:2      | Reached XP level 4. HP: 37/37 MP: 3/3
  1490 | D:2      | Reached skill level 6 in Axes
  1756 | D:2      | Found a shadowy altar of Dithmenos.
  1944 | D:3      | Reached skill level 7 in Axes
  1944 | D:3      | Reached XP level 5. HP: 34/42 MP: 4/4
  1956 | D:3      | Found a glowing drain.
  1960 | Sewer    | Entered a sewer
  2354 | Sewer    | Reached skill level 8 in Axes
  2371 | Sewer    | Reached XP level 6. HP: 28/50 MP: 5/5
  2774 | Sewer    | Reached skill level 9 in Axes
  2954 | D:3      | Noticed tschems's ghost (amateur HuFi)
  2966 | D:3      | Killed tschems's ghost
  2966 | D:3      | Reached XP level 7. HP: 37/56 MP: 6/6
  3122 | D:3      | Found a faded altar of an unknown god.
  3631 | D:3      | You fall through a shaft!
  3781 | D:4      | Reached skill level 10 in Axes
  4354 | D:4      | Reached skill level 11 in Axes
  4503 | D:4      | Found a staircase to the Ecumenical Temple.
  4509 | Temple   | Entered the Ecumenical Temple
  4660 | Temple   | Became a worshipper of Warmaster Okawaru
  4736 | D:4      | Found a bloodstained altar of Trog.
  4917 | D:5      | Entered Level 5 of the Dungeon
  4926 | D:5      | Found a snail-covered altar of Cheibriados.
  4949 | D:5      | Slain by a worker ant

Skill      XL: |  1  2  3  4  5  6  7 |
---------------+----------------------+-----
Axes           | 4 5 7 8 9 11 | 11.2
Fighting       | |  2.4
Throwing       | |  2.0
Dodging        | |  3.2

Action                   |  1- 3 |  4- 6 |  7- 9 || total
-------------------------+-------+-------+-------++-------
Melee: War axe           |    60 |   157 |   105 ||   322
       Headbutt          |     9 |    19 |    16 ||    44
  Eat: Chunk             |     2 |     5 |     6 ||    13
Armor: Leather armour    |    13 |       |       ||    13
       Ring mail         |       |    44 |    27 ||    71
Dodge: Dodged            |    52 |   102 |    60 ||   214
